AoeStats
← wnne

Golden Pit

508009845Analyzed
1v1 RM · 2mo ago on Sep 20, 2026· 34m 30s· 2 players
Game mode
Random Map
Map size
Tiny (2 player)
Population
200
Speed
Normal
Resources
Standard
Victory
Conquest
Starting age
Dark Age
Ending age
Imperial Age
RankedLock teamsTeams togetherTeam positionsShared explorationLock speedFull tech treeHidden civsTurbo modeCheats
Victory
Defeat
🇧🇪 Franks · Belgium
1106
+15
vs
🇦🇷 Malians · Argentina
1091
-15
VL marianinka
6:55 Loom
9:19 Feudal Age
9:56 Double-Bit Axe
11:53 Man-at-Arms
13:44 Arson
22:59 Castle Age
21:00 Gold Mining
21:25 Horse Collar
22:16 Scale Mail Armor
23:31 Pikeman
23:42 Long Swordsman
24:25 Squires
28:06 Chain Mail Armor
28:02 Forging
30:14 Scale Barding Armor
34:24 Bloodlines
wnne
2:08 Loom
9:45 Feudal Age
10:13 Double-Bit Axe
18:23 Scale Barding Armor
25:10 Castle Age
23:07 Gold Mining
24:29 Forging
26:01 Husbandry
27:25 Chain Barding Armor
31:15 Iron Casting
Connection lost

Rejoining the realm…

Still unreachable

The connection could not be restored.

Session expired

The server has moved on; the page needs a fresh start.